 Dungeon Crawl Stone Soup version 0.29.1-15-g9cfb28693d (webtiles) character file.

Game seed: 17097425164489625588

818 Eitelfritz the Chopper (level 7, -3/61 HPs)
             Began as a Hill Orc Fighter on Apr 15, 2023.
             Was an Initiate of Hepliaklqana.
             Slain by a black bear (7 damage)
             ... on level 4 of the Dungeon.
             The game lasted 00:06:39 (4981 turns).

Eitelfritz the Chopper (Hill Orc Fighter)           Turns: 4981, Time: 00:06:40

Health: -3/61      AC:  7    Str: 21    XL:     7   Next: 94%
Magic:  7/7        EV:  9    Int:  8    God:    Hepliaklqana [......]
Gold:   239        SH:  4    Dex: 10    Spells: 6/6 levels left

rFire   . . .      SeeInvis .   a - +0 war axe (vamp)
rCold   . . .      Faith    .   c - +0 buckler
rNeg    . . .      Spirit   .   q - +0 scale mail
rPois   .          Reflect  .   (no helmet)
rElec   .          Harm     .   (no cloak)
rCorr   .          Rampage  .   (no gloves)
Will    .....                   (no boots)
Stlth   ..........              (no amulet)
HPRegen 0.20/turn               (no ring)
MPRegen 0.10/turn               (no ring)

@: mighty
A: no striking features
a: Renounce Religion, Convert to Beogh


You were on level 4 of the Dungeon.
You worshipped Hepliaklqana.
Hepliaklqana was noncommittal.
You visited 2 branches of the dungeon, and saw 5 of its levels.

You collected 239 gold pieces.

Inventory:

Hand Weapons
 a - a +0 vampiric war axe (weapon)
 b - a +0 sling
 o - a +4 vorpal flail
 r - a +5 double sword of holy wrath
 u - a +0 war axe
Missiles
 x - 6 poisoned darts
Armour
 c - a +0 buckler (worn)
 h - a +0 chain mail
 q - a +0 scale mail (worn)
Jewellery
 v - a ring of flight
Wands
 n - a wand of flame (14) (quivered)
Scrolls
 e - 4 scrolls of enchant armour {unknown}
 f - a scroll of magic mapping {unknown}
 i - 4 scrolls of noise {unknown}
 j - 2 scrolls of immolation {unknown}
 l - 2 scrolls of enchant weapon {unknown}
 m - 3 scrolls of identify {unknown}
 s - 3 scrolls of poison {unknown}
 t - a scroll of teleportation {unknown}
 w - 2 scrolls of blinking {unknown}
Potions
 d - a potion of degeneration {unknown}
 g - 5 potions of curing {unknown}
 k - a potion of heal wounds {unknown}
 p - a potion of brilliance {unknown}
 A - a potion of magic {unknown}


   Skills:
 + Level 5.6 Fighting
 + Level 7.1 Axes
 + Level 6.2 Armour
 + Level 1.3 Dodging
 + Level 0.1 Stealth
 + Level 4.3 Shields
 + Level 0.2 Evocations


You had 6 spell levels left.
You didn't know any spells.
Your spell library contained the following spells:

 Spells                   Type           Power      Damage    Failure   Level
 Shock                    Conj/Air       0%         1d3       82%         1
 Static Discharge         Conj/Air       0%         3-3/arc   91%         2
 Swiftness                Air            0%         N/A       99%         3
 Airstrike                Air            0%         2d(0-16)  100%        4
 Dispel Undead            Necr           0%         3d6       100%        4
 Sticky Flame             Conj/Fire      0%         2d3       100%        4


Dungeon Overview and Level Annotations

Branches:
Dungeon (4/15)             Temple (1/1) D:4

Altars:
Ashenzari
Dithmenos
Elyvilon
Hepliaklqana
Kikubaaqudgha
Okawaru
Qazlal
Ru
Sif Muna
Trog
Uskayaw
Vehumet
Wu Jian
Yredelemnul
Zin
The Shining One


Message History

The orc priest shouts, "Beogh is our master!
Accept the truth or die!"
The orc shouts!
You hit the black bear but do no damage.
The black bear is severely wounded.
You barely miss the orc priest. You block the black bear's attack.
The black bear claws you but does no damage.
The black bear claws you.
The orc priest hits you with a +0 short sword.
The orc priest begins to cast a cantrip, but forgets the words!
The black bear bites you. You block the black bear's attack.
The black bear barely misses you.
You hit the black bear.
The black bear is severely wounded.
You hit the orc priest. The black bear barely misses you.
The black bear claws you but does no damage.
The black bear claws you.
The orc priest calls down the wrath of Beogh upon you.
Pain shoots through your body!
You barely miss the black bear.
The black bear is severely wounded.
You hit the orc priest.
The orc priest shouts, "Surrender to Beogh and we'll let you live!"
The black bear goes berserk!
The orc priest shouts, "Surrender to Beogh and we'll let you live!"
The orc priest hits you with a +0 short sword.
You feel very mighty all of a sudden. The black bear bites you.
* * * LOW HITPOINT WARNING * * *
The black bear claws you but does no damage.
You block the black bear's attack. The orc priest misses you.
You barely miss the black bear.
The black bear is severely wounded.
You slash the orc priest!
You kill the orc priest!
The black bear bites you!
* * * LOW HITPOINT WARNING * * *
The black bear claws you.
* * * LOW HITPOINT WARNING * * *
You block the black bear's attack. The black bear bites you!
You die...

#### #....# .....
#....# .....##....#
...........#
...........# .....
...o.......# .......#
.....##oo..# .......#
o.. #h)..# .......# .
##@##### .......#
#......# .......#
#......# .......#
#......# .......#
#......#
.......########......#
...............#######
........<......#
#'#####........#


You could see a black bear (berserk), an orc priest and an orc.

Vanquished Creatures
  Sigmund (D:2)
  Edmund (D:4)
  An ice beast (D:4)
  A scorpion (D:4)
  A hound (D:4)
  4 orc priests
  Jessica (D:2)
  An iguana (D:3)
  2 orc wizards (D:4)
  Terence (D:2)
  A gnoll (D:1)
  5 adders
  2 dart slugs (D:2)
  18 orcs
  12 endoplasms
  A giant cockroach (D:3)
  11 goblins
  4 hobgoblins
  7 kobolds
  A quokka (D:3)
  9 ball pythons
  2 bats (D:1)
  3 frilled lizards
  7 rats
97 creatures vanquished.

Notes
Turn   | Place    | Note
-------+----------+-------------------------------------------
     0 | D:1      | Eitelfritz the Hill Orc Fighter began the quest for the
                  | Orb.
     0 | D:1      | Reached XP level 1. HP: 19/19 MP: 1/1
   174 | D:1      | Reached XP level 2. HP: 27/27 MP: 2/2
   410 | D:1      | Found a faded altar of an unknown god.
   453 | D:1      | Reached XP level 3. HP: 33/33 MP: 3/3
   998 | D:2      | Reached skill level 3 in Axes
  1158 | D:2      | Noticed Sigmund
  1163 | D:2      | Killed Sigmund
  1164 | D:2      | Reached skill level 4 in Axes
  1164 | D:2      | Reached XP level 4. HP: 32/41 MP: 4/4
  1164 | D:2      | Reached XP level 5. HP: 37/47 MP: 5/5
  1278 | D:2      | Noticed Terence
  1287 | D:2      | Killed Terence
  1536 | D:2      | Reached XP level 6. HP: 55/55 MP: 6/6
  1625 | D:2      | Reached skill level 5 in Axes
  1635 | D:2      | Noticed Jessica
  1639 | D:2      | Killed Jessica
  2681 | D:3      | Reached skill level 5 in Fighting
  2889 | D:3      | Reached skill level 1 in Dodging
  2960 | D:3      | Reached skill level 6 in Axes
  3595 | D:4      | Noticed an ice beast
  3607 | D:4      | Killed an ice beast
  3608 | D:4      | Reached skill level 5 in Armour
  3608 | D:4      | Reached XP level 7. HP: 28/61 MP: 7/7
  3999 | D:4      | Found a staircase to the Ecumenical Temple.
  4015 | Temple   | Entered the Ecumenical Temple
  4169 | Temple   | Became a worshipper of Hepliaklqana the Forgotten
  4291 | D:4      | Noticed Edmund
  4317 | D:4      | Killed Edmund
  4749 | D:4      | Reached skill level 7 in Axes
  4981 | D:4      | Slain by a black bear

Illustrated notes

Levels and vault maps discovered:
D:1:      dpeg_arrival_tiny_k, layout_loops_corners,
          hellmonk_ecumenical_altar_heavens_door,
          amcnicky_mini_rare_corridor_liquid, nicolae_titane
D:2:      cheibrodos_pilgrimage, layout_basic, uniq_jessica, uniq_sigmund,
          uniq_terence
D:3:      minmay_octagon_keep, layout_loops_ring, st_stairs_11
D:4:      layout_gridville, minmay_temple_entry_mini_moons, uniq_edmund
Temple:   eino_temple_rhombus

Skill      XL: |  1  2  3  4  5  6  7 |
---------------+----------------------+-----
Fighting       | 4 5 |  5.6
Axes           | 4 6 7 |  7.1
Armour         | 4 5 6 |  6.2
Shields        | 4 |  4.3
Dodging        | 1 |  1.3
Stealth        | |  0.1
Evocations     | |  0.2

Action                   |  1- 3 |  4- 6 |  7- 9 || total
-------------------------+-------+-------+-------++-------
Melee: War axe           |    61 |   125 |    74 ||   260
Evoke: Wand              |       |       |     4 ||     4
  Use: Potion            |     1 |       |     1 ||     2
Armor: Scale mail        |    29 |    64 |    46 ||   139
Dodge: Dodged            |    29 |    51 |    41 ||   121
Block: Buckler           |    17 |    22 |    16 ||    55
